 Dungeon Crawl Stone Soup version 0.17.1-2-g5865329 (webtiles) character file.

189 kaze the Ruffian (level 5, 0/53 HPs)
             Began as a Troll Berserker on Jan 27, 2016.
             Was a Believer of Trog.
             Slain by a gnoll
             ... wielding a +0 flail
              (6 damage)
             ... on level 4 of the Dungeon.
             The game lasted 00:09:05 (1907 turns).

kaze the Ruffian (Troll Berserker)                  Turns: 1907, Time: 00:09:06

Health: 0/53       AC:  5    Str: 26    XL:     5   Next: 40%
Magic:  4/4        EV: 10    Int:  3    God:    Trog [**....]
Gold:   141        SH:  0    Dex:  9    Spells: 0 memorised, 4 levels left

rFire  . . .     SeeInvis .       - Unarmed
rCold  . . .     Clarity  .     a - +0 animal skin
rNeg   . . .     SustAt   .     (no shield)
rPois  .         Gourm    +     (helmet restricted)
rElec  .         Spirit   .     (no cloak)
rCorr  .         Warding  .     (gloves unavailable)
rMut   .         Stasis   .     (boots unavailable)
MR     ++...                    (no amulet)
Stlth  ..........               (no ring)
                                j - ring of loudness (curse)

@: regenerating, very resistant to hostile enchantments, extremely unstealthy
A: unfitting armour, claws 3, fast metabolism 3, gourmand, regeneration 2,
shaggy fur 1, tough skin 2
a: Berserk, Trog's Hand, Burn Spellbooks, Renounce Religion


You were on level 4 of the Dungeon.
You worshipped Trog.
Trog was pleased with you.
You were very full.

You visited 1 branch of the dungeon, and saw 4 of its levels.

You collected 141 gold pieces.

Inventory:

Armour
 a - a +0 animal skin (worn)
Jewellery
 j - a cursed ring of loudness (left claw)
Scrolls
 c - 2 scrolls of identify
 d - a scroll of blinking
Potions
 g - a potion of heal wounds {unknown}
 h - 2 potions of curing {unknown}
 i - 2 potions of haste {unknown}
 n - a potion of cancellation {unknown}
 o - a potion of berserk rage {unknown}
 p - a potion of poison {unknown}
Comestibles
 b - 4 bread rations
 f - a slice of pizza
 k - a chunk of flesh


   Skills:
 + Level 3.2 Fighting
 + Level 3.6 Dodging
 + Level 0.1 Stealth
 + Level 4.4 Unarmed Combat


You had 4 spell levels left.
You didn't know any spells.

Dungeon Overview and Level Annotations

Branches:
Dungeon (4/15)             Temple (0/1) D:4

Altars:
Qazlal
Yredelemnul


Innate Abilities, Weirdness & Mutations

You are too large for most types of armour.
You have claws for hands.
Your metabolism is lightning-fast.
You like to eat raw meat.
You heal very quickly.
You are covered in fur (AC +1).
You have very tough skin (AC +2).


Message History

The gnoll shaman closely misses you. The gnoll hits you but does no damage.
The gnoll completely misses you. The gnoll hits you with a flail.
* * * LOW HITPOINT WARNING * * *
You claw the gnoll!
You kill the gnoll!
Trog accepts your kill. The gnoll hits you but does no damage.
The gnoll shaman hits you but does no damage.
The gnoll hits you but does no damage.
You claw the gnoll!
You kill the gnoll!
Trog accepts your kill. The gnoll hits you but does no damage.
The gnoll closely misses you. The gnoll shaman hits you with a whip.
* * * LOW HITPOINT WARNING * * *
The gnoll barely misses you.
You claw the gnoll shaman!
The gnoll shaman is heavily wounded.
The gnoll hits you with a flail.
You die...

.....##....### .8.>.8
.............#........
.................#.8.
...........#....#
...........###...
..###....## #.. ##.!.#
.. #.g.# ##g@# #g)#
##..# #..# #... .....
...... ......


You could see a gnoll shaman and 2 gnolls.

Vanquished Creatures
  A centaur zombie (D:3)
  5 adders
  4 gnolls (D:4)
  2 oozes (D:3)
  2 worms (D:3)
  2 giant geckos (D:2)
  4 orcs (D:3)
  8 bats
  2 giant cockroaches
  A goblin (D:3)
  9 hobgoblins
  8 jackals
  A ball python (D:3)
  A jackal zombie (D:2)
  4 kobolds
  A kobold zombie (D:2)
  7 rats
62 creatures vanquished.

Vanquished Creatures (others)
  A ball python (D:2)
  A bat (D:2)
  A hobgoblin (D:2)
  A kobold (D:2)
  A rat (D:2)
5 creatures vanquished.

Grand Total: 67 creatures vanquished

Notes
Turn   | Place    | Note
--------------------------------------------------------------
     0 | D:1      | kaze the Troll Berserker began the quest for the Orb.
     0 | D:1      | Reached XP level 1. HP: 22/22 MP: 0/0
   385 | D:1      | Reached XP level 2. HP: 29/29 MP: 1/1
   857 | D:2      | Noticed a human
   858 | D:2      | Found a runed door.
   877 | D:2      | Reached XP level 3. HP: 36/36 MP: 2/2
   879 | D:2      | Reached ** piety under Trog
   918 | D:2      | Found a basalt altar of Yredelemnul.
  1007 | D:2      | Found a stormy altar of Qazlal.
  1345 | D:3      | Reached XP level 4. HP: 43/45 MP: 3/3
  1530 | D:3      | Reached skill level 4 in Unarmed Combat
  1743 | D:3      | Reached *** piety under Trog
  1743 | D:3      | Reached XP level 5. HP: 51/53 MP: 4/4
  1866 | D:4      | Found a staircase to the Ecumenical Temple.
  1907 | D:4      | Slain by a gnoll

Action                   |  1- 3 |  4- 6 || total
-------------------------+-------+-------++-------
Melee: Unarmed           |    79 |    61 ||   140
Invok: Berserk           |       |     1 ||     1
       Trog's Hand       |       |     2 ||     2
  Use: Scroll            |     2 |     3 ||     5
  Eat: Chunk             |    17 |     5 ||    22
